 Dungeon Crawl Stone Soup version 0.29.1-13-g9f3cf754e1 (webtiles) character file.

Game seed: 15813834666931749398

9061 croobank the Unseen (level 11, -11/55 HPs)
             Began as a Felid Delver on Feb 2, 2023.
             Was a Believer of Wu Jian.
             Mangled by a tengu warrior
             ... wielding a +3 war axe
              (15 damage)
             ... on level 14 of the Dungeon on Feb 3, 2023.
             The game lasted 01:44:48 (22056 turns).

croobank the Unseen (Felid Delver)                 Turns: 22056, Time: 01:44:49

Health: -11/55     AC:  8    Str: 10    XL:     11   Next: 18%
Magic:  12/12      EV: 26    Int: 15    God:    Wu Jian [**....]
Gold:   708        SH:  0    Dex: 17    Spells: 10/10 levels left
                                        Lives:  0   Deaths: 3

rFire   . . .      SeeInvis +     - Unarmed
rCold   . . .      Faith    .   (shield unavailable)
rNeg    . . .      Spirit   .   (body armour unavailable)
rPois   +          Reflect  .   (helmet unavailable)
rElec   .          Harm     .   (cloak unavailable)
rCorr   .          Rampage  .   (gloves unavailable)
Will    .....                   (boots unavailable)
Stlth   +++.......              D - amulet of regeneration
HPRegen 0.98/turn               o - ring of flight
MPRegen 0.13/turn               r - ring of poison resistance

@: on fire, weak-willed, flying, glowing, quick
A: very small, claws 1, fangs 3, see invisible, speed 1, shaggy fur 2, stealthy
paws, no weapons or thrown items, no armour, multi-lived, iridescent scales 3,
sense surroundings 1
a: Renounce Religion, Wall Jump


You were on level 14 of the Dungeon.
You worshipped Wu Jian.
Wu Jian was pleased with you.
You visited 3 branches of the dungeon, and saw 16 of its levels.
You also visited: Gauntlet.

You collected 708 gold pieces.

Inventory:

Jewellery
 c - a ring of ice
 i - an amulet of guardian spirit
 m - an amulet of the acrobat
 o - a ring of flight (left paw)
 p - a ring of resist corrosion
 r - a ring of poison resistance (right paw)
 t - a +6 ring of dexterity
 D - an amulet of regeneration (around neck)
Wands
 k - a wand of flame (16)
 u - a wand of roots (6)
Scrolls
 a - a scroll of fog
 f - a scroll of silence
 j - 6 scrolls of immolation
 l - 3 scrolls of fear
Potions
 d - 2 potions of haste
 g - 2 potions of attraction
 h - 4 potions of brilliance
 n - a potion of invisibility
 q - 6 potions of resistance
 s - 5 potions of mutation
 v - a potion of magic
 w - a potion of lignification
 x - a potion of might
 z - 3 potions of curing
 A - a potion of heal wounds
 B - a potion of berserk rage {unknown}
Miscellaneous
 y - a box of beasts


   Skills:
 + Level 10.3 Fighting
 + Level 12.9 Dodging
 + Level 15.1 Stealth
 + Level 10.1 Unarmed Combat


You had 10 spell levels left.
You didn't know any spells.
Your spell library contained the following spells:

 Spells                   Type           Power      Damage    Failure   Level
 Sublimation of Blood     Necr           0%         N/A       38%         2
 Conjure Flame            Conj/Fire      0%         6-21      63%         3
 Ignite Poison            Fire/Tmut/Pois 0%         N/A       63%         3
 Tukima's Dance           Hex            0%         N/A       63%         3
 Petrify                  Tmut/Erth      0%         N/A       95%         4
 Sticky Flame             Conj/Fire      0%         2d3       95%         4
 Blade Hands              Tmut           0%         N/A       100%        5
 Irradiate                Conj/Tmut      0%         3d11      100%        5
 Conjure Ball Lightning   Conj/Air       0%         3x3d6     100%        6
 Discord                  Hex            0%         N/A       100%        8
 Disjunction              Tloc           0%         N/A       100%        8
 Portal Projectile        Hex/Tloc       Unusable   N/A       N/A         3

Dungeon Overview and Level Annotations

Branches:
Dungeon (14/15)            Temple (1/1) D:6            Lair (2/5) D:8
 Spider (0/4) Lair:2          Orc (0/2) D:12        Gauntlet (visited)
  Swamp: Lair:2-3    Shoals: Lair:2-3    Vaults: D:13-14

Altars:
Ashenzari
Cheibriados
Dithmenos
Elyvilon
Fedhas
Gozag
Hepliaklqana
Kikubaaqudgha
Makhleb
Nemelex Xobeh
Okawaru
Qazlal
Ru
Sif Muna
Trog
Uskayaw
Vehumet
Wu Jian
Xom
Yredelemnul
Zin
The Shining One

Shops:
D:10 *

Annotations:
D:7 1 runed translucent door, Crazy Yiuf
D:11 3 runed translucent doors, FexLirch's ghost, journeyman DjAE; y3s's ghost, journeyman MiBe
Lair:1 Harold
Lair:2 1 transporter


Innate Abilities, Weirdness & Mutations

You have sharp claws.
You have razor-sharp teeth.
You have supernaturally acute eyesight. (SInv)
You cover ground quickly. (Speed+)
You are covered in thick fur. (AC +2)
Your paws help you pounce on unaware monsters.
You are incapable of wielding weapons or throwing items.
You cannot wear armour.
You gain extra lives every three experience levels.
You are completely covered in iridescent scales. (AC +6)
You passively map a small area around you.


Message History

The deep elf pyromancer gestures at you while chanting.
The sticky flame hits you.
You are covered in liquid flames!
The manticore bites you but does no damage.
The manticore claws you but does no damage.
The manticore claws you!
* * * LOW HITPOINT WARNING * * *
The blink frog hits you.
* * * LOW HITPOINT WARNING * * *
A centaur warrior comes into view.
The tengu warrior hits you but does no damage.
The tengu warrior completely misses you.
The tengu warrior claws you but does no damage.
The centaur warrior moves out of view.
You turn to flesh and can move again.
Okay, then.
Okay, then.
Okay, then.
Aiming: Wall Jump
Press: ? - help, Dir - move target
Okay, then.
Okay, then.
Okay, then.
Okay, then.
Okay, then.
As you read the scroll labelled ZUOMPUPL VEGHU, it crumbles to dust.
The five-headed hydra roars!
Magic quickly surges around you.
It was a scroll of vulnerability.
You are covered in liquid flames!
* * * LOW HITPOINT WARNING * * *
You hear a shout!
The vampire mosquito misses you. The blink frog hits you!
* * * LOW HITPOINT WARNING * * *
The wizard hits you but does no damage.
A manticore comes into view.
A seven-headed hydra comes into view.
The manticore completely misses you. The manticore misses you.
The manticore completely misses you. The deep elf pyromancer misses you.
The vampire mosquito completely misses you.
The tengu warrior hits you with a +3 war axe!
You die...

**,,,,***,,,,,,*,,,*,#.***
***,,,***,,**..,,..,*,,#.,.#
***,,,***,,**,,.#,..,.,*,#.#>*
***,,,***,,**,,**..#.*..,,,#...##
*,,,***,,#*,,**,,.#/*.#.,,,#.....
,,***,,,,HJ#*,,**..*.#..,,,#..###
***,,*,,*#?D.#*,,.#.)...**,#.....
*,,***,,,,,#..F##Q......,,,#.....
,***,*,**,,#.B9D@e..#*****,#..###
**,,,,,,,....#WpyHC.....,,,#..#
,***,*,**D,#....cCz.####**,#..###
*,,***,,,,,#.c.#.##u..,,,,,#....#
***,,*,,**?..#..e#*##...**,#.#...
,,***,,,,..#B..#.# **#.,,,#...#.
*,,,***,,#,○.#,..# ***,,#.####
**,,,,***,○#.,,#.# ***,,*,#.* #
,,,**,,,***,,*,,,****,,,,,,#.* #


You could see 2 boulder beetles, 2 seven-headed hydras, a five-headed hydra
(weak-willed), a green ugly thing (weak-willed), a skeletal warrior
(weak-willed), a slime creature (wandering), a tengu warrior (weak-willed), a
centaur warrior (weak-willed), 2 manticores, 2 cyclopes, a yaktaur
(weak-willed), a freezing wraith (weak-willed), 2 deep elf pyromancers, a wizard
(weak-willed), a blink frog (weak-willed), a vampire mosquito (weak-willed) and
a gargoyle (weak-willed).

Vanquished Creatures
  A boulder beetle (D:14)
  A hydra (D:12)
  Erica (D:10)
  An ugly thing (D:11)
  A black mamba (Lair:1)
  A cane toad (Lair:2)
  Joseph (Lair:1)
  2 unseen horror zombies (D:8)
  A gargoyle (D:12)
  3 komodo dragons (Lair:1)
  2 trolls
  A hornet (D:10)
  A centaur simulacrum (D:12)
  6 wyverns
  13 yaks
  Eustachio (D:5)
  A basilisk (Lair:1)
  2 steam dragons
  2 wargs (D:8)
  4 water moccasins
  4 orc warriors
  4 ogres
  4 black bears
  A centaur (D:7)
  A phantom (D:5)
  8 bullfrogs
  4 necrophages
  2 gnoll sergeants
  6 scorpions
  8 wights
  20 killer bees
  4 howler monkeys
  A centaur zombie (D:8)
  A human zombie (D:8)
  10 orc priests
  3 jellies
  3 hounds
  2 gnoll boudas
  An iguana (D:4)
  14 orc wizards
  Natasha (thrice) (D:3)
  2 killer bee zombies (D:8)
  A howler monkey zombie (D:8)
  Robin (D:3)
  13 gnolls
  8 adders
  2 shadow imps (D:6)
  A white imp (D:6)
  2 dart slugs (D:4)
  45 orcs
  6 ball pythons
  6 bats
  4 endoplasms
  5 giant cockroaches
  15 goblins
  12 hobgoblins
  8 jackals (D:2)
  5 quokkas
  5 frilled lizards
  15 kobolds
  6 rats
312 creatures vanquished.

Vanquished Creatures (collateral kills)
  An orc priest (D:7)
1 creature vanquished.

Vanquished Creatures (others)
  A sky beast (D:7)
  15 fungi
  12 plants
  6 withered plants (D:11)
34 creatures vanquished.

Grand Total: 347 creatures vanquished

Notes
Turn   | Place    | Note
-------+----------+-------------------------------------------
     0 | D:5      | croobank the Felid Delver began the quest for the Orb.
     0 | D:5      | Reached XP level 1. HP: 10/10 MP: 2/2
    41 | D:6      | Noticed a howler monkey
    43 | D:6      | Killed a howler monkey
    44 | D:6      | Reached skill level 7 in Stealth
    44 | D:6      | Reached XP level 2. HP: 14/14 MP: 3/3
    44 | D:6      | Reached XP level 3. HP: 17/17 MP: 4/4
    49 | D:6      | Noticed a necrophage
    49 | D:6      | Noticed a scorpion
    74 | D:5      | Noticed a scorpion
    74 | D:5      | Noticed a two-headed ogre
    89 | D:5      | Noticed a lemure
    91 | D:5      | Noticed a lemure
   170 | D:5      | Noticed an ogre
   285 | D:4      | Reached XP level 4. HP: 18/21 MP: 5/5
   474 | D:3      | Noticed Terence
   474 | D:3      | Noticed Natasha
   475 | D:3      | Killed Natasha
   624 | D:2      | Reached XP level 5. HP: 23/25 MP: 6/6
  1197 | D:2      | Identified the +3 mace "Cibb" {vorpal, Int+5 SInv}
  1341 | D:2      | Found a faded altar of an unknown god.
  2930 | D:3      | Found a glowing golden altar of the Shining One.
  3662 | D:3      | Noticed Natasha
  3674 | D:3      | Gained mutation: You passively map a small area around you.
                  | [potion of mutation]
  3674 | D:3      | Gained mutation: You are partially covered in iridescent
                  | scales. (AC +2) [potion of mutation]
  3674 | D:3      | Gained mutation: You are mostly covered in iridescent
                  | scales. (AC +4) [potion of mutation]
  3674 | D:3      | Gained mutation: You are completely covered in iridescent
                  | scales. (AC +6) [potion of mutation]
  3677 | D:3      | Killed Natasha
  3678 | D:3      | Gained mutation: You are covered in thick fur. (AC +2)
                  | [Felid growth]
  3678 | D:3      | Reached XP level 6. HP: 2/28 MP: 7/7
  4082 | D:3      | Reached skill level 8 in Stealth
  4191 | D:3      | Noticed Terence
  4191 | D:3      | Terence changed into Terence the gnoll
  4204 | D:3      | Killed Terence the gnoll
  4603 | D:3      | Noticed Robin
  4869 | D:3      | Killed Robin
  5069 | D:3      | Noticed Natasha
  5087 | D:3      | Killed Natasha
  5088 | D:3      | Reached skill level 5 in Dodging
  5838 | D:4      | Reached XP level 7. HP: 17/33 MP: 8/8
  6338 | D:4      | Slain by a wight
  6339 | D:4      | Reached XP level 6. HP: -1/27 MP: 7/7
  6352 | D:4      | Reached skill level 5 in Fighting
  6816 | D:4      | Reached skill level 9 in Stealth
  7045 | D:5      | Reached XP level 7. HP: 15/33 MP: 8/8
  7357 | D:6      | Reached skill level 5 in Unarmed Combat
  7540 | D:8      | Killed from afar by an orc priest
  7541 | D:8      | Reached XP level 6. HP: -1/30 MP: 7/7
  7680 | D:6      | Found a radiant altar of Vehumet.
  7727 | D:5      | Noticed Pikel
  7752 | D:5      | Noticed Pikel
  7752 | D:5      | Pikel changed into Pikel the scorpion
  7760 | D:5      | Killed Pikel the scorpion
  7761 | D:5      | Reached XP level 7. HP: 32/34 MP: 8/8
  8052 | D:5      | Reached skill level 10 in Stealth
  8132 | D:5      | Noticed Eustachio
  8139 | D:5      | Killed Eustachio
  8258 | D:5      | Found a basalt altar of Yredelemnul.
  8784 | D:6      | Reached XP level 8. HP: 33/39 MP: 9/9
  9097 | D:6      | Found a staircase to the Ecumenical Temple.
  9103 | Temple   | Entered the Ecumenical Temple
  9740 | D:6      | Noticed Sigmund
  9741 | D:6      | Noticed Sigmund
  9741 | D:6      | Sigmund changed into Sigmund the adder
  9744 | D:6      | Killed Sigmund the adder
 10130 | D:7      | Reached skill level 11 in Stealth
 10174 | D:7      | Found a hide-covered altar of Uskayaw.
 10643 | D:7      | Reached XP level 9. HP: 36/43 MP: 10/10
 11023 | D:7      | Identified the +7 short sword "Killer Klown's Death"
                  | {venom, Fragile rPois Will+ rCorr}
 11173 | D:7      | Found an iron altar of Okawaru.
 11413 | D:7      | Found a runed translucent door.
 11414 | D:7      | Noticed Crazy Yiuf
 11811 | D:8      | Found a sparkling altar of Nemelex Xobeh.
 12318 | D:8      | Reached skill level 12 in Stealth
 12365 | D:8      | Found an ancient bone altar of Kikubaaqudgha.
 12429 | D:8      | Found an ornate altar of the Wu Jian Council.
 12454 | D:8      | Became a worshipper of the Wu Jian Council
 12932 | D:8      | Reached skill level 10 in Dodging
 13024 | D:10     | Entered Level 10 of the Dungeon
 13026 | D:10     | Found an opulent altar of Gozag.
 13030 | D:10     | Found Gozag's Platinum Reserve.
 13040 | D:10     | Noticed an unseen horror
 13164 | D:8      | Found a staircase to the Lair.
 13259 | D:8      | Reached XP level 10. HP: 36/48 MP: 11/11
 13671 | D:8      | Found a bloodstained altar of Trog.
 13829 | D:8      | Reached * piety under Wu Jian
 13972 | D:9      | Identified the +5 falchion of the Arena {pain, Int+2}
 14062 | D:9      | Found a shimmering altar of Xom.
 14105 | D:9      | HP: 2/49 [yak (11)]
 14813 | D:9      | Reached skill level 13 in Stealth
 15589 | D:9      | Reached ** piety under Wu Jian
 16554 | D:9      | Found an iron altar of Okawaru.
 17115 | D:10     | Noticed Erica
 17121 | D:10     | Killed Erica
 17180 | D:10     | Reached XP level 11. HP: 53/53 MP: 12/12
 18016 | D:8      | Reached skill level 14 in Stealth
 18109 | Lair:1   | Entered Level 1 of the Lair of Beasts
 18455 | Lair:1   | Noticed Joseph
 18487 | Lair:1   | Killed Joseph
 18666 | Lair:1   | Noticed Harold
 18682 | Lair:1   | Mangled by a wyvern
 18683 | Lair:1   | Reached XP level 10. HP: -6/50 MP: 11/11
 18711 | Lair:1   | Noticed a five-headed hydra
 19028 | Lair:2   | Found a gate leading to a gauntlet.
 19056 | Gauntlet | Entered a Gauntlet
 19056 | Gauntlet | Found a transporter.
 19056 | Gauntlet | Found a transporter.
 19057 | Gauntlet | Found a transporter.
 19060 | Gauntlet | Found a transporter.
 19060 | Gauntlet | Found a transporter.
 19062 | Gauntlet | Found a transporter.
 19070 | Gauntlet | Found a transporter.
 19074 | Gauntlet | Found a transporter.
 19074 | Gauntlet | Noticed a blizzard demon
 19084 | Gauntlet | Noticed a cacodemon
 19086 | Gauntlet | Found a transporter.
 19087 | Gauntlet | Found a transporter.
 19088 | Gauntlet | Found a transporter.
 19113 | Gauntlet | Found a transporter.
 19113 | Gauntlet | Found the +7 staff of the Meek {protect, meekguard}
 19979 | Lair:2   | Noticed a cane toad
 19992 | Lair:2   | Killed a cane toad
 20048 | Lair:2   | Found a hole to the Spider Nest.
 20140 | Lair:2   | Found a transporter.
 20349 | Lair:1   | Reached skill level 10 in Fighting
 20945 | D:11     | Found a runed translucent gate.
 20946 | D:11     | Found a runed translucent gate.
 20947 | D:11     | Found a runed translucent gate.
 20948 | D:11     | Noticed y3s's ghost (journeyman MiBe)
 20949 | D:11     | Noticed FexLirch's ghost (journeyman DjAE)
 21084 | D:11     | Noticed a white ugly thing
 21252 | D:12     | Noticed a four-headed hydra
 21457 | D:11     | Killed a white ugly thing
 21730 | D:12     | Noticed a gargoyle
 21737 | D:12     | Killed a gargoyle
 21738 | D:12     | Reached XP level 11. HP: 54/54 MP: 12/12
 21969 | D:12     | Noticed a seven-headed hydra
 21972 | D:12     | Killed a seven-headed hydra
 21973 | D:12     | Reached skill level 15 in Stealth
 21973 | D:12     | Reached skill level 10 in Unarmed Combat
 21986 | D:12     | Found a staircase to the Orcish Mines.
 21986 | D:12     | You are sucked into a shaft and drop 2 floors!
 21993 | D:14     | Noticed a boulder beetle
 21995 | D:14     | Killed a boulder beetle
 21997 | D:14     | Noticed a skeletal warrior
 22030 | D:14     | Noticed a skeletal warrior
 22030 | D:14     | Noticed a skeletal warrior
 22030 | D:14     | Noticed a skeletal warrior
 22041 | D:14     | Noticed a skeletal warrior
 22049 | D:14     | Noticed a seven-headed hydra
 22049 | D:14     | Noticed a tengu warrior
 22049 | D:14     | Noticed a wizard
 22049 | D:14     | Noticed a deep elf pyromancer
 22049 | D:14     | Noticed a deep elf pyromancer
 22049 | D:14     | Noticed a skeletal warrior
 22052 | D:14     | Noticed a green ugly thing
 22052 | D:14     | Noticed a centaur warrior
 22053 | D:14     | Noticed a boulder beetle
 22054 | D:14     | Noticed a boulder beetle
 22054 | D:14     | Noticed a five-headed hydra
 22055 | D:14     | Noticed a centaur warrior
 22055 | D:14     | Noticed a centaur warrior
 22056 | D:14     | Noticed a seven-headed hydra
 22056 | D:14     | Mangled by a tengu warrior

Illustrated notes

Levels and vault maps discovered:
D:1:      nicolae_arrival_memento_mori, layout_basic, nrook_mini_backslash,
          dk_noncrumbling_2, chequers_serial_rivers_micro_a
D:2:      layout_loops_corners, nicolae_ecumenical_pavilion
D:3:      layout_basic, mainiacjoe_overflow_surrounded_room,
          minmay_increasing_density, uniq_robin, uniq_terence, uniq_natasha
D:4:      layout_basic
D:5:      layout_loops_ring, kennysheep_mini_moat, uniq_eustachio, uniq_pikel
D:6:      layout_basic, old_standard_altar, minmay_temple_entry_metal_lava,
          uniq_sigmund
D:7:      layout_rooms, old_standard_altar, nicolae_sextant,
          minmay_misc_feat_room, minmay_misc_feat_rows,
          david_defended_altar_orc, uniq_crazy_yiuf_cottage
D:8:      layout_loops_ring, nemelex_xobeh_ov_fountains_minmay,
          lemuel_mausoleum_altar_kikubaaqudgha, trog_hazing_becter,
          amcnicky_altar_gilded, erik_lair_orcish_takeover,
          chequers_serial_rivers_small_b
D:9:      layout_roguey, mainiacjoe_overflow_two_lobes
D:10:     layout_layer_cave, nicolae_gozag_zags_fifth_avenue, uniq_erica
D:11:     layout_irregular_city, gammafunk_ghost_cemetery
D:12:     layout_stronghold, orc_0_dummy, serial_ice, serial_ice_k,
          serial_ice_o, serial_ice_f, serial_ice_a, wad_floor_pattern_1
D:14:     minmay_the_grid_triangle_9x9_recursive_3_mashed
          [minmay_the_grid_triangle_9x9_alien,
          minmay_the_grid_triangle_9x9_stretched_checkered,
          minmay_the_grid_triangle_9x9_sparse_checkered,
          minmay_the_grid_triangle_9x9_prize_top_heavy,
          minmay_the_grid_triangle_9x9_thin_v,
          minmay_the_grid_triangle_9x9_from_above,
          minmay_the_grid_triangle_9x9_limited_checkers,
          minmay_the_grid_triangle_9x9_zippers_horizontal,
          minmay_the_grid_triangle_9x9_corruption], layout_rooms,
          minmay_misc_feat_plants, serial_shops, shop
Temple:   grunt_temple_mini_profane
Lair:1:   layout_hall_layers, grunt_megastairs_2, uniq_harold, uniq_joseph
Lair:2:   gammafunk_cloud_chamber, layout_small_grid,
          spider_nest_entry_web_field, gauntlet_entry_generic,
          guppyfry_lair_drakes

Skill      XL: |  1  2  3  4  5  6  7  8  9 10 11 |
---------------+----------------------------------+-----
Dodging        | 3 4 7 8 10 11 12 | 12.9
Stealth        | 7 9 10 11 12 13 15 | 15.1
Unarmed Combat | 3 4 5 6 7 8 10 | 10.1
Fighting       | 4 5 6 7 8 10 | 10.3

Action                   |  1- 3 |  4- 6 |  7- 9 | 10-12 || total
-------------------------+-------+-------+-------+-------++-------
Melee: Unarmed           |    14 |   393 |   465 |   572 ||  1444
       Bite              |     1 |    41 |    57 |    80 ||   179
       Punch             |       |     7 |    26 |    36 ||    69
Invok: Lunge             |       |       |     3 |    29 ||    32
       Whirlwind         |       |       |       |    21 ||    21
 Abil: Wall Jump         |       |       |       |    20 ||    20
Evoke: Wand              |     4 |     7 |    20 |    22 ||    53
  Use: Scroll            |     1 |    15 |     7 |     8 ||    31
       Potion            |       |     5 |     6 |       ||    11
 Stab: Sleeping          |     1 |    21 |    12 |    20 ||    54
       Distracted        |       |     2 |     3 |     1 ||     6
Armor: Skin              |       |    34 |    82 |    62 ||   178
Dodge: Dodged            |    10 |   331 |   521 |   575 ||  1437
